 Dungeon Crawl Stone Soup version 0.19.0-19-g8c6edcc (webtiles) character file.

1281 mmcf the Basher (level 8, -6/70 HPs)
             Began as a Minotaur Berserker on Nov 13, 2016.
             Was an Elder of Trog.
             Mangled by Joseph
             ... wielding a +0 quarterstaff
              (7 damage)
             ... on level 7 of the Dungeon.
             The game lasted 00:08:21 (5267 turns).

mmcf the Basher (Minotaur Berserker)                Turns: 5267, Time: 00:08:23

Health: -6/70      AC:  8    Str: 22    XL:     8   Next: 29%
Magic:  7/7        EV: 12    Int:  5    God:    Trog [****..]
Gold:   295        SH:  0    Dex: 11    Spells: 0 memorised, 7 levels left

rFire  . . .     SeeInvis .     a - +1 flail
rCold  . . .     Gourm    .     n - +0 scale mail
rNeg   . . .     Faith    .     (no shield)
rPois  +         Spirit   .     (helmet restricted)
rElec  .         Reflect  .     (no cloak)
rCorr  +         Harm     .     h - +0 pair of gloves
MR     .....                    (no boots)
Stlth  ..........               (no amulet)
                                g - ring of resist corrosion
                                q - ring of poison resistance

@: exhausted, slowed, very slow
A: retaliatory headbutt, horns 2
a: Berserk, Trog's Hand, Brothers in Arms, Burn Spellbooks, Renounce Religion


You were on level 7 of the Dungeon.
You worshipped Trog.
Trog was greatly pleased with you.
You were near starving.

You visited 1 branch of the dungeon, and saw 7 of its levels.

You collected 295 gold pieces.

Inventory:

Hand Weapons
 a - a +1 flail (weapon)
Missiles
 t - 8 javelins (quivered)
 z - 4 tomahawks of returning
Armour
 h - a +0 pair of gloves (worn)
 n - a +0 scale mail (worn)
Jewellery
 g - a ring of resist corrosion (right hand)
 q - a ring of poison resistance (left hand)
Wands
 d - a wand of lightning (4/15)
 x - a wand of teleportation (6/9)
 y - a wand of digging (14/24)
Scrolls
 b - a scroll of noise {unknown}
 j - a scroll of teleportation
 l - a scroll of amnesia {unknown}
 r - 2 scrolls of remove curse
 s - 3 scrolls of enchant weapon
 A - a scroll of identify
 B - 2 scrolls of enchant armour {unknown}
 C - a scroll of fear {unknown}
 D - a scroll of recharging {unknown}
Potions
 e - 3 potions of lignification
 f - 4 potions of flight
 k - a potion of magic
 u - a potion of heal wounds
 v - 2 potions of curing
 w - a potion of might
Comestibles
 c - 5 bread rations
 i - 2 beef jerkies
 m - a slice of pizza
 o - 3 meat rations
 p - a royal jelly


   Skills:
 + Level 6.1 Fighting
 * Level 8.5 Maces & Flails
 + Level 5.9 Armour
 + Level 5.4 Dodging


You had 7 spell levels left.
You didn't know any spells.

Dungeon Overview and Level Annotations

Branches:
Dungeon (7/15)             Temple (0/1) D:6

Altars:
Ashenzari
Fedhas
Kikubaaqudgha
Nemelex Xobeh
Okawaru
Qazlal
Ru
Uskayaw
Vehumet
Xom
Yredelemnul
The Shining One

Annotations:
D:7 Joseph


Innate Abilities, Weirdness & Mutations

You reflexively headbutt those who attack you in melee.
You have a pair of horns on your head.


Message History

You closely miss Joseph.
Joseph is almost dead.
Joseph zaps a wand.
Your will is overpowered!
You are confused.
Joseph hits you with an uncursed quarterstaff!
* * * LOW HITPOINT WARNING * * *
Joseph misses you.
You're too confused to move!
Joseph hits you with an uncursed quarterstaff.
* * * LOW HITPOINT WARNING * * *
You're too confused to move!
Joseph hits you with an uncursed quarterstaff.
* * * LOW HITPOINT WARNING * * *
You closely miss Joseph. Your headbutt misses Joseph.
Joseph is almost dead.
You feel less confused.
Joseph hits you with an uncursed quarterstaff.
* * * LOW HITPOINT WARNING * * *
Joseph hits you with an uncursed quarterstaff!
You die...

..#.# . .. #.##
#...#.# ..##.#<
.<..#.##
...(.#.###.......
.....>.((......#
#......<.(.#
.#.#...(((.(+
......รท(....#
##.##....@.(#
.........@.(#
.#.#........# #
#........#
##.......#
.........#
.##.......# .
........#
#########.


You could see Joseph.

Vanquished Creatures
  A phantom (D:6)
  An ice beast (D:6)
  An ogre (D:5)
  A bullfrog (D:6)
  A scorpion (D:5)
  4 wights (D:6)
  A howler monkey (D:6)
  3 crimson imps
  A bullfrog zombie (D:5)
  2 orc priests
  3 hounds
  An iguana (D:5)
  An orc wizard (D:3)
  5 worker ants
  A howler monkey skeleton (D:4)
  9 adders
  A shadow imp (D:5)
  An adder zombie (D:5)
  2 worms (D:2)
  3 dart slugs (D:3)
  8 leopard geckos
  19 orcs
  3 ball pythons
  10 bats
  2 bat zombies (D:2)
  5 giant cockroaches
  9 goblins
  4 hobgoblins
  15 jackals
  2 quokkas
  3 frilled lizards
  8 kobolds
  10 rats
141 creatures vanquished.

Notes
Turn   | Place    | Note
-------+----------+-------------------------------------------
     0 | D:1      | mmcf the Minotaur Berserker began the quest for the Orb.
     0 | D:1      | Reached XP level 1. HP: 19/19 MP: 0/0
   204 | D:2      | Reached skill level 4 in Maces & Flails
   204 | D:2      | Reached XP level 2. HP: 16/27 MP: 1/1
   561 | D:1      | Reached XP level 3. HP: 27/33 MP: 2/2
   739 | D:1      | Reached ** piety under Trog
  1132 | D:2      | Found a shimmering altar of Xom.
  1148 | D:2      | Reached XP level 4. HP: 34/40 MP: 3/3
  1482 | D:2      | Found a shattered altar of Ashenzari.
  1483 | D:2      | Found a sacrificial altar of Ru.
  1530 | D:2      | Reached skill level 5 in Maces & Flails
  1533 | D:2      | Found an ancient bone altar of Kikubaaqudgha.
  1904 | D:3      | Reached XP level 5. HP: 42/46 MP: 4/4
  2102 | D:3      | Reached *** piety under Trog
  2516 | D:5      | Entered Level 5 of the Dungeon
  2663 | D:4      | Reached skill level 6 in Maces & Flails
  2663 | D:4      | Reached XP level 6. HP: 53/53 MP: 5/5
  2701 | D:4      | Found a stormy altar of Qazlal.
  2950 | D:4      | Found a sparkling altar of Nemelex Xobeh.
  3024 | D:4      | Found a radiant altar of Vehumet.
  3424 | D:5      | Reached skill level 5 in Fighting
  3424 | D:5      | Reached XP level 7. HP: 52/61 MP: 6/6
  3552 | D:5      | Reached skill level 7 in Maces & Flails
  3552 | D:5      | Reached skill level 5 in Armour
  3561 | D:5      | Found an iron altar of Okawaru.
  3772 | D:6      | Found a blossoming altar of Fedhas.
  3939 | D:5      | Found a basalt altar of Yredelemnul.
  3954 | D:5      | Found a hide-covered altar of Uskayaw.
  4248 | D:5      | Found a glowing golden altar of the Shining One.
  4473 | D:6      | Found an ancient bone altar of Kikubaaqudgha.
  4553 | D:6      | Found a staircase to the Ecumenical Temple.
  4712 | D:6      | Reached skill level 5 in Dodging
  4745 | D:6      | Reached skill level 8 in Maces & Flails
  4745 | D:6      | Reached XP level 8. HP: 44/70 MP: 7/7
  4983 | D:7      | Noticed Joseph
  4983 | D:7      | Reached **** piety under Trog
  5266 | D:7      | HP: 2/70 [Joseph/uncursed quarterstaff (4)]
  5267 | D:7      | Mangled by Joseph

Skill      XL: |  1  2  3  4  5  6  7  8 |
---------------+-------------------------+-----
Maces & Flails | 4 5 6 8 |  8.5
Armour         | 3 4 5 |  5.9
Dodging        | 3 4 5 |  5.4
Fighting       | 4 5 6 |  6.1

Action                   |  1- 3 |  4- 6 |  7- 9 || total
-------------------------+-------+-------+-------++-------
Melee: Mace              |    91 |    44 |       ||   135
       Headbutt          |     9 |    27 |    20 ||    56
       Flail             |       |   116 |   111 ||   227
Invok: Berserk           |     1 |     5 |     3 ||     9
       Burn Spellbooks   |       |     1 |       ||     1
  Use: Scroll            |       |     6 |     3 ||     9
  Eat: Chunk             |     2 |    11 |     8 ||    21
Armor: Animal skin       |     3 |       |       ||     3
       Ring mail         |    18 |       |       ||    18
       Scale mail        |    25 |    63 |    25 ||   113
Dodge: Dodged            |    67 |   109 |    71 ||   247
